 Dungeon Crawl Stone Soup version 0.27-a0-333-gfa571bf19a (webtiles) character file.

Game seed: 6323642344739632736

159244 gimp the Champion of Chaos (level 17, -4/144 HPs)
             Began as a Deep Dwarf Conjurer on Feb 12, 2021.
             Was the Champion of Makhleb.
             Collided with a rock wall (27 damage)
             ... caused by a nagaraja
             ... on level 4 of the Snake Pit.
             The game lasted 02:19:06 (39611 turns).

gimp the Champion of Chaos (Deep Dwarf Conjurer)   Turns: 39611, Time: 02:19:07

Health: -4/144     AC: 17    Str: 17    XL:     17   Next: 15%
Magic:  11/26      EV: 16    Int: 29    God:    Makhleb [******]
Gold:   217        SH:  6    Dex: 11    Spells: 3/40 levels left

rFire    + . .     SeeInvis .   a - +4 broad axe (vorpal)
rCold    . . .     Faith    .   C - +0 buckler
rNeg     + + .     Spirit   .   H - +6 leather armour "Nakhav" {rF+ Str+3}
rPois    +         Reflect  .   q - +2 hat
rElec    .         Harm     .   X - +0 cloak
rCorr    .         Rampage  .   I - +2 pair of gloves {archery}
Will     +++++     Clarity  +   (no boots)
Stlth    ++........             A - amulet of the Four Winds {rN+ Will+++ Clar}
HPRegen  0.00/turn              k - +6 ring of intelligence
MPRegen  0.20/turn              Q - ring of poison resistance

@: lethally poisoned (-4 -> -4), non-regenerating
A: damage resistance, heal wounds, negative energy resistance 1, sense
surroundings 2, no regeneration
a: Heal Wounds, Renounce Religion, Minor Destruction, Lesser Servant of Makhleb,
Major Destruction, Greater Servant of Makhleb


You were on level 4 of the Snake Pit.
You worshipped Makhleb.
Makhleb was exalted by your worship.
You visited 5 branches of the dungeon, and saw 28 of its levels.
You also visited: Volcano.

You collected 2287 gold pieces.
You spent 2070 gold pieces at shops.

Inventory:

Hand Weapons
 a - a +4 vorpal broad axe (weapon)
 O - the +8 dagger of the Original Sin {speed, +Fly Str+2}
   (You found it on level 6 of the Dungeon)

   Attacks with this weapon are significantly faster.
   It affects your strength (+2).
   It lets you fly.
 W - a +3 broad axe of freezing
Missiles
 c - 9 curare-tipped darts
 e - 67 poisoned darts
 j - 5 throwing nets
Armour
 q - a +2 hat (worn)
 C - a +0 buckler (worn)
 E - a +0 kite shield
 H - the +6 leather armour "Nakhav" (worn) {rF+ Str+3}
   (You found it on level 8 of the Dungeon)

   It affects your strength (+3).
   It protects you from fire.
 I - a +2 pair of gloves of archery (worn)
 N - +0 fire dragon scales
 X - a +0 cloak (worn)
Magical Staves
 S - a staff of earth
Jewellery
 k - a +6 ring of intelligence (left hand)
 x - a ring of see invisible
 A - the amulet of the Four Winds (around neck) {rN+ Will+++ Clar}
   (You found it on level 5 of the Lair of Beasts)

   [amulet of nothing]

   It protects you from negative energy.
   It affects your willpower, your defense against some magical effects.
   It protects you against confusion.
 B - a ring of wizardry
 Q - a ring of poison resistance (right hand)
 T - a ring of protection from cold
 U - a ring of protection from cold
 Z - the ring of Royalty {rElec rCorr Dex+3}
   (You found it on level 2 of the Snake Pit)

   [ring of resist corrosion]

   It affects your dexterity (+3).
   It insulates you from electricity.
   It provides partial protection from all sources of acid and corrosion.
Wands
 n - a wand of iceblast (16)
 t - a wand of flame (50)
 G - a wand of mindburst (15)
 L - a wand of acid (12)
 M - a wand of digging (2)
Scrolls
 b - 6 scrolls of enchant weapon
 l - a scroll of fear
 m - 7 scrolls of amnesia
 p - 9 scrolls of teleportation
 r - a scroll of blinking
 u - 2 scrolls of enchant armour
 J - 8 scrolls of identify
 P - 2 scrolls of holy word
 R - 2 scrolls of magic mapping
 V - 2 scrolls of fog
 Y - a scroll of brand weapon
Potions
 d - 3 potions of invisibility
 g - 5 potions of curing
 h - 3 potions of resistance
 o - 6 potions of flight
 s - 5 potions of brilliance
 v - 2 potions of haste
 z - a potion of berserk rage
 D - 3 potions of mutation
 F - 2 potions of cancellation
 K - a potion of magic
Miscellaneous
 f - a phantom mirror (inert)
 y - a condenser vane (inert)


   Skills:
 - Level 7.0 Fighting
 - Level 8.8 Axes
 - Level 11.0 Armour
 - Level 11.0 Dodging
 - Level 2.4 Stealth
 * Level 8.6 Shields
 - Level 12.2 Spellcasting
 + Level 8.2 Conjurations
 - Level 6.0 Summonings
 - Level 2.0 Translocations
 * Level 2.3 Fire Magic
 - Level 6.0 Ice Magic
 - Level 4.0 Air Magic
 - Level 4.9 Poison Magic
 - Level 13.0 Invocations
 - Level 11.0 Evocations


You had 3 spell levels left.
You knew the following spells:

 Your Spells              Type           Power        Failure   Level
a - Magic Dart            Conj           100%         1%          1
b - Searing Ray           Conj           100%         1%          2
c - Fulminant Prism       Conj/Hex       20%          6%          4
d - Iskenderun's Mystic   Conj/Tloc      47%          4%          4
e - Dazzling Flash        Conj/Hex       82%          1%          3
f - Summon Ice Beast      Ice/Summ       51%          3%          4
g - Ozocubu's Armour      Ice            51%          1%          3
h - Summon Lightning Spi  Summ/Air       46%          4%          4
i - Olgreb's Toxic Radia  Pois           46%          4%          4
j - Mephitic Cloud        Conj/Pois/Air  50%          1%          3
k - Bolt of Magma         Conj/Fire/Erth 19%          22%         5

Your spell library contained the following spells:

 Spells                   Type           Power        Failure   Level
 Foxfire                  Conj/Fire      100%         1%          1
 Freeze                   Ice            100%         1%          1
 Sting                    Tmut/Pois      100%         1%          1
 Poisonous Vapours        Pois/Air       86%          1%          2
 Frozen Ramparts          Ice            100%         1%          3
 Beastly Appendage        Tmut           34%          3%          1
 Ignite Poison            Fire/Tmut/Pois 31%          3%          3
 Spider Form              Tmut/Pois      15%          3%          3
 Wereblood                Tmut           17%          5%          2
 Hailstorm                Conj/Ice       56%          1%          4
 Iskenderun's Battlesphe  Conj           60%          3%          5
 Ice Form                 Ice/Tmut       35%          10%         4
 Irradiate                Conj/Tmut      20%          19%         5
 Silence                  Hex/Air        14%          38%         5
 Conjure Ball Lightning   Conj/Air       26%          41%         6
 Blade Hands              Tmut           8%           67%         5
 Iron Shot                Conj/Erth      20%          69%         6
 Orb of Destruction       Conj           30%          69%         7
 Spellforged Servitor     Conj/Summ      28%          85%         7
 Dispersal                Tloc           14%          93%         6
 Ignition                 Fire           15%          100%        8
 Tornado                  Air            20%          100%        9


Dungeon Overview and Level Annotations

Branches:
Dungeon (15/15)            Temple (0/1) D:7            Lair (6/6) D:10
  Swamp (1/4) Lair:3        Snake (4/4) Lair:3        Slime (0/5) Lair:5
    Orc (2/2) D:9             Elf (0/3) Orc:2        Vaults (0/5) D:14
 Depths (0/5) D:15        Volcano (visited)

Altars:
Ashenzari
Cheibriados
Dithmenos
Gozag
Makhleb
Nemelex Xobeh
Okawaru
Qazlal
Uskayaw
Vehumet
Wu Jian
Xom
Zin
The Shining One
Beogh
Jiyva

Shops:
D:7 *[   Orc:2 **[(   Snake:3 :=:   Snake:4 :!

Annotations:
D:9 1 runed translucent door, exclusion: gargoyle, hatsuma's ghost, novice MiBe
D:12 Jorgrun
D:14 2 transporters, Feiv Zoaf's ghost, journeyman GnWn


Innate Abilities, Weirdness & Mutations

You are resistant to damage.
You can heal yourself by infusing magical energy.
You resist negative energy. (rN+)
You passively map the area around you.
You do not regenerate.


Message History

You now have 16/26 mp.
The searing ray hits the naga sharpshooter!
The naga sharpshooter is heavily wounded.
You now have 15/26 mp.
The searing ray hits the nagaraja!
The nagaraja is moderately wounded.
A naga sharpshooter comes into view. It is wielding a +0 trident.
Your lightning spire shoots out a bolt of lightning at the nagaraja!
The bolt of electricity hits the nagaraja!
The bolt of electricity hits the naga sharpshooter!
You now have 14/26 mp.
The searing ray misses the nagaraja.
The searing ray hits the naga sharpshooter!
The naga sharpshooter is heavily wounded.
You finish channeling your searing ray.
You now have 13/26 mp.
Casting: Searing Ray (safe; 1% risk of failure)
Confirm with . or Enter, or press ? or * to list all spells.
Aiming: Searing Ray (safe; 1% risk of failure)
Press: ? - help, Shift-Dir - straight line The searing ray hits the nagaraja!
The nagaraja is severely wounded.
The searing ray hits the naga sharpshooter.
The naga sharpshooter is heavily wounded. (Press . to maintain the ray.)
You now have 12/26 mp.
The searing ray hits the nagaraja.
The nagaraja is severely wounded.
The searing ray hits the naga sharpshooter!
The naga sharpshooter is severely wounded.
The searing ray hits the naga sharpshooter!
The naga sharpshooter is severely wounded.
The searing ray hits the anaconda!
The anaconda is lightly wounded.
The nagaraja points at you and mumbles some strange words.
The lance of force hits you!
* * * LOW HITPOINT WARNING * * *
You are knocked back by the lance of force.
You slam into the rock wall!
You die...

##### #########...###
#######8NNN..........
#....<..##...##...#..
#.##...###....#####..
*,*#...# ####.# #..
*,*#@..# #.#* ###
*,*##### #..# *,, *,*
*##.#***,, *,*
**,,..,**,, *,*
**,,,8..,**, *,*
**,,,,....,** *,*
**,,,,,∩N..N,* ******
*,* *,,,,*,..#...,
*,,,,*****,*
***,,,,,,,,,,,,,


You could see a nagaraja (ally target), a naga sharpshooter and a friendly
lightning spire (summoned).

Vanquished Creatures
  Nikola (Snake:1)
  Asterion (Snake:2)
  A nagaraja (Snake:3)
  Aizul (Snake:1)
  Nessos (D:15)
  2 eleionomae (Lair:3)
  8 vault guards (D:14)
  6 naga warriors
  A rakshasa (D:15)
  A hydra (Lair:6)
  Erica (Orc:1)
  A boulder beetle (D:14)
  3 anacondas
  A death knight (D:13)
  2 tengu warriors
  5 death yaks (Lair:5)
  3 shock serpents
  7 orc high priests (Orc:2)
  8 naga sharpshooters
  A hell knight (Volcano)
  3 salamander mystics
  4 unseen horrors
  3 sea snakes
  2 unseen horrors (shapeshifter)
  3 naga ritualists
  A wizard (D:14)
  A phantasmal warrior (D:14)
  A lindwurm (Lair:4)
  9 ugly things
  A cyclops (D:11)
  2 mana vipers
  8 salamanders
  3 manticores
  15 black mambas
  A guardian serpent (Snake:3)
  16 elephants
  8 naga magi
  A centaur skeleton (D:13)
  5 gargoyles
  6 komodo dragons
  3 rime drakes
  13 cane toads
  2 kobold demonologists (D:14)
  A freezing wraith (D:13)
  A tengu conjurer (D:14)
  A yaktaur (shapeshifter) (D:15)
  3 trolls
  5 polar bears
  A meliai (shapeshifter) (D:15)
  A hornet (shapeshifter) (D:14)
  4 slime creatures
  A tyrant leech (Lair:3)
  A bloated husk (Swamp:1)
  20 blink frogs
  4 dream sheep (Lair:4)
  A hog (shapeshifter) (D:15)
  2 wyverns
  2 shadows
  77 yaks
  2 wraiths
  Eustachio (D:4)
  A water elemental (D:12)
  10 fire bats (Volcano)
  A basilisk (Lair:6)
  A steam dragon (D:14)
  9 vampire mosquitoes
  4 wargs (Orc:2)
  36 nagas
  9 water moccasins
  An acid dragon (D:12)
  4 ice beasts
  22 orc warriors
  3 sky beasts
  4 black bears
  3 boggarts (D:15)
  12 wolves
  12 centaurs
  7 ogres
  2 phantoms
  8 kobold brigands
  18 bullfrogs
  3 scorpions
  4 wights
  5 howler monkeys
  11 killer bees
  10 electric eels
  6 lava snakes (Volcano)
  2 quasits (D:10)
  2 bullfrog zombies (D:7)
  4 centaur zombies
  2 hounds
  39 orc priests
  A gnoll shaman (Orc:1)
  4 jellies
  An iron imp (D:5)
  2 bullfrog skeletons
  21 orc wizards
  Ijyb (D:3)
  6 iguanas
  9 worker ants
  6 hell rats (Lair:2)
  A nameless horror (Lair:1)
  3 hound skeletons
  9 adders
  16 gnolls
  A howler monkey skeleton (D:8)
  A shadow imp (D:5)
  4 white imps
  An ufetubus (D:10)
  4 oozes
  2 worms (D:3)
  A dart slug (D:1)
  11 leopard geckos
  104 orcs
  2 giant cockroaches
  6 goblins
  2 hobgoblins (D:1)
  4 jackals (D:10)
  3 quokkas
  3 ball pythons
  8 bats
  13 frilled lizards
  25 kobolds
  A leopard gecko zombie (D:2)
  5 rats
830 creatures vanquished.

Vanquished Creatures (collateral kills)
  Donald (Snake:4)
  A nagaraja (Snake:3)
  An ettin (Orc:2)
  12 hydras
  2 naga warriors
  2 anacondas
  4 naga sharpshooters
  2 sea snakes
  An orc knight (Orc:2)
  A naga ritualist (Snake:4)
  2 mana vipers
  A salamander (Snake:2)
  6 black mambas
  3 naga magi
  3 freezing wraiths
  6 komodo dragons
  2 slime creatures (D:15)
  A spriggan (Lair:6)
  2 yaks
  A warg (Orc:2)
  10 nagas
  A water moccasin (Lair:5)
  An orc warrior (Orc:2)
  An ogre (Orc:2)
  A wolf (Lair:1)
  2 bullfrogs
  An orc (Orc:2)
71 creatures vanquished.

Vanquished Creatures (others)
  An orc wizard (D:4)
  5 fulminant prisms
  35 fungi
  79 plants
  2 withered plants (D:9)
122 creatures vanquished.

Grand Total: 1023 creatures vanquished

Notes
Turn   | Place    | Note
-------+----------+-------------------------------------------
     0 | D:1      | gimp the Deep Dwarf Conjurer began the quest for the Orb.
     0 | D:1      | Reached XP level 1. HP: 15/15 MP: 3/3
     0 | D:1      | Upgraded the game from 0.27-a0-328-g7f782ed93a to
                  | 0.27-a0-333-gfa571bf19a
   368 | D:1      | Reached XP level 2. HP: 22/22 MP: 3/5
   977 | D:2      | Reached XP level 3. HP: 26/28 MP: 0/6
  1364 | D:2      | Reached XP level 4. HP: 31/36 MP: 0/7
  2155 | D:3      | Found a sparkling altar of Nemelex Xobeh.
  2232 | D:3      | Noticed Ijyb
  2255 | D:2      | Learned a level 2 spell: Searing Ray
  2260 | D:2      | Learned a level 4 spell: Fulminant Prism
  2267 | D:3      | Killed Ijyb
  2268 | D:3      | Reached skill level 5 in Conjurations
  2489 | D:3      | Found an opulent altar of Gozag.
  2603 | D:3      | Reached XP level 5. HP: 24/42 MP: 5/9
  2805 | D:3      | Noticed an air elemental
  2808 | D:3      | Found a stormy altar of Qazlal.
  2809 | D:3      | Noticed a fire elemental
  2809 | D:3      | Noticed a water elemental
  3090 | D:4      | Found a burning altar of Makhleb.
  3098 | D:4      | Became a worshipper of Makhleb the Destroyer
  3136 | D:4      | Noticed an ogre
  3141 | D:4      | Killed an ogre
  3142 | D:4      | Reached XP level 6. HP: 23/49 MP: 9/11
  3635 | D:4      | Reached XP level 7. HP: 33/55 MP: 5/12
  3839 | D:4      | Noticed Eustachio
  3906 | D:4      | Killed Eustachio
  4176 | D:5      | Entered Level 5 of the Dungeon
  4401 | D:5      | Learned a level 4 spell: Iskenderun's Mystic Blast
  4405 | D:5      | Learned a level 3 spell: Dazzling Flash
  4437 | D:5      | Reached * piety under Makhleb
  4622 | D:5      | Reached XP level 8. HP: 32/62 MP: 11/15
  4659 | D:5      | Reached skill level 5 in Spellcasting
  4661 | D:5      | Reached skill level 1 in Fighting
  4661 | D:5      | Reached skill level 1 in Armour
  4941 | D:5      | Found a snail-covered altar of Cheibriados.
  5020 | D:5      | Reached skill level 1 in Invocations
  5350 | D:6      | Reached skill level 2 in Invocations
  5484 | D:6      | Reached skill level 3 in Invocations
  5680 | D:6      | Reached skill level 4 in Invocations
  6263 | D:6      | Gained mutation: You passively map the area around you.
                  | [Deep Dwarf growth]
  6263 | D:6      | Reached XP level 9. HP: 34/75 MP: 8/16
  6337 | D:6      | Got an ancient dagger
  6338 | D:6      | Identified the +8 dagger of the Original Sin {speed, +Fly
                  | Str+2} (You found it on level 6 of the Dungeon)
  6409 | D:7      | Found an opulent altar of Gozag.
  6421 | D:7      | Found an ornate altar of the Wu Jian Council.
  6444 | D:7      | Found Kyck's Assorted Antiques.
  6453 | D:7      | Bought a scroll labelled DOOLOZX TISIEJ for 29 gold pieces
  6453 | D:7      | Bought a fizzy black potion for 26 gold pieces
  6518 | D:7      | Reached skill level 5 in Invocations
  6544 | D:7      | Found Ehugul's Antique Armour Emporium.
  6648 | D:7      | Bought a buckler for 99 gold pieces
  6648 | D:7      | Bought a dull robe for 125 gold pieces
  6759 | D:7      | Reached skill level 6 in Invocations
  6814 | D:7      | Reached ** piety under Makhleb
  6958 | D:7      | Identified the +1 robe of the King of the Hill {rCorr
                  | Dex+4} (You bought it in a shop on level 7 of the Dungeon)
  7105 | D:7      | Reached skill level 1 in Shields
  7194 | D:7      | Found a staircase to the Ecumenical Temple.
  7607 | D:7      | Found a shadowy altar of Dithmenos.
  7607 | D:7      | Found a hide-covered altar of Uskayaw.
  7613 | D:7      | Found a radiant altar of Vehumet.
  7615 | D:7      | Found a broken altar of Ashenzari.
  7620 | D:7      | Found a glowing golden altar of the Shining One.
  7822 | D:8      | Reached skill level 7 in Invocations
  7914 | D:8      | Noticed a manticore
  7918 | D:8      | Killed a manticore
  7919 | D:8      | Reached skill level 8 in Invocations
  8038 | D:8      | Got a distressingly furry leather armour
  8049 | D:8      | Identified the +6 leather armour "Nakhav" {rF+ Str+3} (You
                  | found it on level 8 of the Dungeon)
  8092 | D:8      | Reached skill level 9 in Invocations
  8440 | D:8      | Learned a level 4 spell: Summon Ice Beast
  8482 | D:8      | Found an iron altar of Okawaru.
  8826 | D:9      | Reached XP level 10. HP: 47/84 MP: 12/17
  8913 | D:9      | Reached skill level 1 in Ice Magic
  8947 | D:9      | Found a snail-covered altar of Cheibriados.
  8964 | D:9      | Found a shimmering altar of Xom.
  8972 | D:9      | Reached skill level 1 in Summonings
  9110 | D:9      | Found a staircase to the Orcish Mines.
  9146 | D:9      | Reached skill level 10 in Invocations
  9323 | D:9      | Noticed a gargoyle
  9745 | D:9      | Found a runed translucent door.
  9747 | D:9      | Noticed hatsuma's ghost (novice MiBe)
  9937 | D:10     | Entered Level 10 of the Dungeon
 10032 | D:10     | Found an ornate altar of the Wu Jian Council.
 10281 | D:10     | Reached *** piety under Makhleb
 10818 | D:10     | Noticed an unseen horror
 10819 | D:10     | Found a staircase to the Lair.
 10825 | D:10     | Killed an unseen horror
 10826 | D:10     | Reached skill level 11 in Invocations
 10884 | D:10     | Reached skill level 1 in Evocations
 11374 | D:11     | Noticed an unseen horror
 11382 | D:11     | Killed an unseen horror
 11538 | D:11     | Noticed a gargoyle
 11555 | D:11     | Killed a gargoyle
 11696 | D:11     | Reached XP level 11. HP: 41/90 MP: 10/19
 11820 | D:11     | Noticed an unseen horror
 11836 | D:11     | Killed an unseen horror
 11837 | D:11     | Reached skill level 5 in Dodging
 11887 | D:11     | Reached **** piety under Makhleb
 11888 | D:11     | Reached skill level 5 in Ice Magic
 11931 | D:11     | Reached skill level 5 in Summonings
 12131 | D:11     | Reached skill level 5 in Evocations
 12229 | D:11     | Noticed a five-headed hydra
 12243 | D:11     | Killed a five-headed hydra
 12370 | D:11     | Got a smoking dagger
 12371 | D:11     | Identified the +3 dagger of Luhop {flame, Will++ Int+3
                  | Dex-2 SInv} (You found it on level 11 of the Dungeon)
 12695 | D:11     | Noticed a four-headed hydra
 12700 | D:11     | Killed a four-headed hydra
 12754 | D:11     | Noticed an unseen horror
 12754 | D:11     | a yaktaur changed into an unseen horror
 12759 | D:11     | Killed an unseen horror
 12813 | D:11     | Got a fading scimitar
 12820 | D:11     | Got a transparent silver amulet
 12832 | D:11     | Identified the amulet "Vijits" {Spirit Int+3} (You found it
                  | on level 11 of the Dungeon)
 13133 | D:11     | Noticed a red ugly thing
 13151 | D:11     | Killed a red ugly thing
 13630 | D:11     | Learned a level 3 spell: Ozocubu's Armour
 13738 | Lair:1   | Entered Level 1 of the Lair of Beasts
 14085 | Lair:1   | Noticed a seven-headed hydra
 14097 | Lair:1   | Killed a seven-headed hydra
 14098 | Lair:1   | Reached XP level 12. HP: 98/99 MP: 6/21
 14101 | Lair:1   | Noticed a six-headed hydra
 14212 | Lair:1   | Killed a six-headed hydra
 14397 | Lair:1   | Reached ***** piety under Makhleb
 14803 | Lair:1   | Reached skill level 5 in Fighting
 15054 | Lair:1   | Identified the +11 scimitar of Habiv {pain, rC- Int+7} (You
                  | found it on level 11 of the Dungeon)
 15474 | Lair:2   | Reached skill level 10 in Evocations
 15866 | Lair:2   | Identified a scroll of acquirement
 15867 | Lair:2   | Acquired the ring "Disouf" {rCorr Int+4}
 15969 | Lair:2   | Found a broken altar of Ashenzari.
 16937 | Lair:3   | Reached XP level 13. HP: 109/109 MP: 3/26
 17581 | Lair:3   | Found a staircase to the Snake Pit.
 17637 | Lair:3   | Reached skill level 10 in Spellcasting
 17815 | Lair:3   | Reached skill level 1 in Translocations
 18025 | Lair:3   | Found a staircase to the Swamp.
 18248 | Lair:3   | Identified the +7 war axe "Demonslayer" {vorpal, Dex+2}
                  | (You found it on level 3 of the Lair of Beasts)
 19191 | Lair:4   | Reached ****** piety under Makhleb
 19252 | Lair:4   | Found a glowing silver altar of Zin.
 19297 | Lair:4   | Found a dark tunnel.
 19339 | Volcano  | Entered a volcano
 19494 | Volcano  | Reached skill level 10 in Dodging
 20162 | Volcano  | Found a radiant altar of Vehumet.
 20176 | Volcano  | Gained mutation: You resist negative energy. (rN+) [Deep
                  | Dwarf growth]
 20176 | Volcano  | Reached XP level 14. HP: 98/117 MP: 28/28
 21136 | Lair:5   | Found the amulet of the Four Winds {rN+ Will+++ Clar}
 21464 | Lair:5   | Found a runed translucent door.
 21464 | Lair:5   | Found a viscous altar of Jiyva.
 21465 | Lair:5   | Found a staircase to the Slime Pits.
 21598 | Lair:6   | Entered Level 6 of the Lair of Beasts
 22099 | Lair:6   | Reached XP level 15. HP: 89/123 MP: 21/30
 23698 | Orc:1    | Entered Level 1 of the Orcish Mines
 24013 | Orc:1    | Noticed Erica
 24024 | Orc:1    | Killed Erica
 24512 | Orc:2    | Entered Level 2 of the Orcish Mines
 24512 | Orc:2    | Found a staircase to the Elven Halls.
 25296 | Orc:2    | Found a roughly hewn altar of Beogh.
 25616 | Orc:2    | Found Vakesus's Weapon Emporium.
 25616 | Orc:2    | Found Gyoxkuuw's Armour Boutique.
 25682 | Orc:2    | Reached skill level 12 in Invocations
 25787 | Orc:2    | Found Beraavvo's General Store.
 25787 | Orc:2    | Found Edifo's Assorted Antiques.
 25792 | Orc:2    | Bought a potion of heal wounds for 90 gold pieces
 25792 | Orc:2    | Bought a scroll of magic mapping for 63 gold pieces
 25792 | Orc:2    | Bought a scroll of identify for 36 gold pieces
 25801 | Orc:2    | Bought a scroll of magic mapping for 126 gold pieces
 25801 | Orc:2    | Bought a glass wand for 144 gold pieces
 25801 | Orc:2    | Bought a potion of curing for 108 gold pieces
 26100 | Orc:2    | Learned a level 4 spell: Summon Lightning Spire
 26105 | Orc:2    | Learned a level 4 spell: Olgreb's Toxic Radiance
 27541 | D:12     | Noticed Jorgrun
 27848 | D:14     | Noticed Feiv Zoaf's ghost (journeyman GnWn)
 27904 | D:14     | Noticed a shadow dragon
 28020 | D:14     | Paralysed by a hornet for 3 turns
 28025 | D:14     | Reached skill level 10 in Armour
 28025 | D:14     | Reached skill level 1 in Air Magic
 28387 | D:14     | Found a gate to the Vaults.
 28616 | D:14     | Found a shadowy altar of Dithmenos.
 28637 | D:14     | Learned a level 3 spell: Mephitic Cloud
 28875 | D:14     | Found a transporter.
 28911 | D:14     | Found a transporter.
 29240 | D:15     | Entered Level 15 of the Dungeon
 29244 | D:15     | Noticed Nessos
 29259 | D:15     | Killed Nessos
 29260 | D:15     | Reached skill level 1 in Poison Magic
 29876 | D:15     | Found a broken altar of Ashenzari.
 30264 | D:15     | Reached skill level 13 in Invocations
 30871 | D:15     | Found a staircase to the Depths.
 30979 | D:15     | Noticed an azure jelly
 30979 | D:15     | a catoblepas changed into an azure jelly
 30989 | D:15     | an azure jelly changed into an eleionoma
 30990 | D:15     | Noticed a quicksilver dragon
 30990 | D:15     | an eleionoma changed into a quicksilver dragon
 31213 | D:13     | Reached XP level 16. HP: 75/130 MP: 22/31
 32678 | Swamp:1  | Entered Level 1 of the Swamp
 33007 | Snake:1  | Entered Level 1 of the Snake Pit
 33152 | Snake:1  | Noticed Nikola
 33951 | Snake:1  | Noticed Aizul
 33964 | Snake:1  | Killed Aizul
 34297 | Snake:1  | Reached skill level 1 in Axes
 34383 | Snake:1  | Identified the Catalogue of Fire and the Compass
 35114 | Snake:1  | Killed Nikola
 35342 | Snake:2  | Noticed Asterion
 35349 | Snake:1  | Reached skill level 5 in Axes
 35545 | Snake:2  | Killed Asterion
 35901 | Snake:2  | Reached skill level 5 in Shields
 36033 | Snake:2  | Got a brightly glowing marble ring
 36067 | Snake:1  | Identified the ring of Royalty {rElec rCorr Dex+3} (You
                  | found it on level 2 of the Snake Pit)
 38135 | Snake:3  | Reached XP level 17. HP: 99/144 MP: 15/29
 38438 | Snake:3  | Found Faitib's Book Boutique.
 38440 | Snake:3  | Found Cemilob's Jewellery Shoppe.
 38441 | Snake:3  | Found Riurphor's Book Boutique.
 38447 | Snake:3  | Bought a book of Power for 585 gold pieces
 38455 | Snake:3  | Bought Aqia's Volume of Confrontation and Poisoning for 639
                  | gold pieces
 38462 | Snake:3  | Learned a level 5 spell: Bolt of Magma
 38798 | Snake:3  | Reached skill level 1 in Fire Magic
 38976 | Snake:4  | Entered Level 4 of the Snake Pit
 38993 | Snake:4  | Noticed Donald
 39021 | Snake:4  | Killed Donald
 39421 | Snake:4  | Found Urghorph's Distillery.
 39581 | Snake:4  | Found Xaezegig's Book Boutique.
 39611 | Snake:4  | Collided with a rock wall

Illustrated notes

Levels and vault maps discovered:
D:1:      lightli_arrival_flooded_house, layout_loops_ring
D:2:      layout_loops_cross, chequers_serial_rivers_room_b
D:3:      layout_rooms, nicolae_qazlal_style_of_elements, nemelex_altar_shiori,
          nicolae_gozag_cash_rules_everything_around_me, uniq_ijyb
D:4:      layout_loops_ring, lemuel_coloured_pillars_altar, uniq_eustachio
D:5:      layout_basic, chei_slow_surprise
D:6:      layout_loops_corners
D:7:      layout_loops_ring, chequers_temple_overflow_minitemple,
          amethyst_overflow_temple_binary, minmay_temple_entry_enclosed_plants,
          serial_shops, nicolae_shop_behind_doors, shop, st_stairs_14,
          grunt_tough_drop
D:8:      layout_basic, okawaru_metal_pillars_1_2
D:9:      layout_stronghold, lemuel_round_altar, xom_teletrap_fun, orc_0_dummy,
          gammafunk_ghost_grave
D:10:     layout_roguey, david_lair_shrubbed, basic_altar
D:11:     layout_loops_corners, fountainhead, minmay_diamond_spiral, uniq_sonja
D:12:     layout_basic, amcnicky_mini_pool_small, uniq_jorgrun
D:13:     layout_cave_pools
D:14:     layout_layer_cave, erik_vaults_2, grunt_dithmenos_smoke_and_mirrors,
          gammafunk_ghost_berserking_beasts
D:15:     gammafunk_enter_depths_forms, layout_loops_ring,
          evilmike_ruin_ashenzari, uniq_nessos
Lair:1:   layout_long_grid, lemuel_fruit_fields, lemuel_fruit_fields
Lair:2:   layout_misc_corridors, basic_altar
Lair:3:   layout_cave_pods, minmay_swamp_entry_swarm, dummy_snake_entry
Lair:4:   layout_cave_shapes, nicolae_volcano_entry_vermiform, basic_altar
Lair:5:   layout_regular_city, slime_altar_2, st_stairs_3
Lair:6:   due_jungle_book, layout_regular_city, grunt_forest_large_clearing_hut,
          lemuel_fruit_tree
Swamp:1:  layout_basic_swamp, nicolae_swamp_trees_clearing
Snake:1:  layout_chambers, grunt_megastairs_5, serial_bayou_shore_a,
          uniq_nikola, uniq_aizul
Snake:2:  layout_cave_shapes, serial_bayou_ford_a, serial_bayou_shore_b,
          uniq_asterion
Snake:3:  layout_onion, grunt_ministairs_11, st_stairs_2,
          nicolae_snake_single_loop, minmay_shop_grove
Snake:4:  snake_pit_salamanders_mu, layout_misc_corridors, minmay_shoptagon,
          serial_bayou_shore_b, uniq_donald
Orc:1:    nicolae_orc_accident_3, layout_diamond_mine, uniq_erica
Orc:2:    st_orc_town, layout_caves, library_closet

Skill      XL: |  1  2  3  4  5  6  7  8  9 10 11 12 13 14 15 16 17 |
---------------+----------------------------------------------------+-----
Spellcasting   | 2 3 4 5 6 9 10 11 12 | 12.2
Conjurations   | 4 5 6 7 8 |  8.2
Fighting       | 3 5 7 |  7.0
Armour         | 4 6 7 11 | 11.0
Invocations    | 4 9 11 13 | 13.0
Dodging        | 4 6 11 | 11.0
Shields        | 4 7 8 |  8.6
Ice Magic      | 4 6 |  6.0
Summonings     | 4 6 |  6.0
Evocations     | 3 8 11 | 11.0
Translocations | 2 |  2.0
Air Magic      | 3 4 |  4.0
Poison Magic   | 2 4 |  4.9
Axes           | 8 |  8.8
Fire Magic     | 2 |  2.3
Stealth        | |  2.4

Action                   |  1- 3 |  4- 6 |  7- 9 | 10-12 | 13-15 | 16-18 || total
-------------------------+-------+-------+-------+-------+-------+-------++-------
Melee: Short sword       |     3 |       |       |       |       |       ||     3
       Dagger            |       |     1 |    26 |   120 |   205 |    35 ||   387
       Broad axe         |       |       |       |       |       |    58 ||    58
 Cast: Magic Dart        |    57 |    67 |   106 |    59 |   341 |    48 ||   678
       Searing Ray       |       |    10 |    64 |   126 |   244 |   152 ||   596
       Fulminant Prism   |       |       |       |     4 |       |     1 ||     5
       Iskenderun's Myst |       |       |       |     1 |       |       ||     1
       Summon Ice Beast  |       |       |       |    26 |    59 |     7 ||    92
       Ozocubu's Armour  |       |       |       |     1 |     1 |       ||     2
       Olgreb's Toxic Ra |       |       |       |       |     7 |    26 ||    33
       Mephitic Cloud    |       |       |       |       |     7 |    11 ||    18
       Summon Lightning  |       |       |       |       |     6 |    32 ||    38
       Bolt of Magma     |       |       |       |       |       |     1 ||     1
Invok: Lesser Servant of |       |       |       |       |       |     1 ||     1
 Abil: Heal Wounds       |       |     1 |     1 |       |     2 |    14 ||    18
Evoke: Wand              |       |     4 |       |     8 |     8 |    28 ||    48
       Condenser vane    |       |       |       |     2 |     5 |     5 ||    12
       Phantom mirror    |       |       |       |       |     1 |     3 ||     4
  Use: Scroll            |       |     6 |    10 |    10 |    10 |     6 ||    42
       Potion            |       |     4 |       |     1 |     3 |     8 ||    16
 Stab: Sleeping          |       |       |     1 |     1 |       |     1 ||     3
       Distracted        |       |       |       |     1 |       |     2 ||     3
       Petrified         |       |       |       |       |     5 |       ||     5
       Confused          |       |       |       |       |       |     1 ||     1
Armor: Robe              |       |     5 |       |       |       |       ||     5
       Leather armour    |       |       |    22 |   104 |   235 |   142 ||   503
       Skin              |       |       |       |       |     7 |       ||     7
Dodge: Dodged            |     6 |     9 |    35 |   180 |   432 |   300 ||   962
Block: Buckler           |       |       |     5 |    54 |   118 |   110 ||   287

Table legend: (Time is in decaauts)
 A = Elapsed time spent in this place.
 B = Non-inter-level travel time spent in this place.
 C = Inter-level travel time spent in this place.
 D = Time resting spent in this place.
 E = Time spent auto-exploring this place.
 F = Levels seen in this place.
 G = Mean time per level.
                   A        B        C        D        E       F      G
               +--------+--------+--------+--------+--------+-----+--------+
         Total |  39541 |  37685 |   1856 |   1457 |  27643 |  29 | 1363.5 |
       Dungeon |  19415 |  18493 |    922 |    418 |  14225 |  15 | 1294.3 |
          Lair |   9323 |   8791 |    532 |    298 |   6392 |   6 | 1553.8 |
         Swamp |     96 |     96 |      0 |      0 |     24 |   1 |   96.0 |
     Snake Pit |   6627 |   6316 |    311 |    436 |   4344 |   4 | 1656.8 |
  Orcish Mines |   3210 |   3122 |     88 |    256 |   2085 |   2 | 1605.0 |
       Volcano |    866 |    866 |      0 |     49 |    572 |   1 |  866.0 |
               +--------+--------+--------+--------+--------+-----+--------+

Top non-repeatable levels by time:
 Snake:1: 2662 daAuts
    D:11: 2616 daAuts
  Lair:3: 2524 daAuts
 Snake:3: 2221 daAuts
   Orc:2: 2200 daAuts
    D:15: 1875 daAuts
    D:14: 1844 daAuts
  Lair:1: 1687 daAuts
  Lair:6: 1686 daAuts
  Lair:2: 1437 daAuts
    D:10: 1400 daAuts
     D:7: 1340 daAuts
 Snake:2: 1271 daAuts
     D:9: 1216 daAuts
  Lair:5: 1157 daAuts
